 Dungeon Crawl Stone Soup version 0.30-b1-2-g02819fbbbe (webtiles) character file.

Game seed: 17141720598071707869

1247 Armakuni the Fighter (level 8, -10/72 HPs)
             Began as a Merfolk Hexslinger on May 10, 2023.
             Was an Initiate of Gozag.
             Mangled by a gnoll sergeant
             ... wielding a +0 spear
              (12 damage)
             ... on level 4 of the Dungeon on May 11, 2023.
             The game lasted 00:20:44 (4150 turns).

Armakuni the Fighter (Merfolk Hexslinger)           Turns: 4150, Time: 00:20:45

Health: -10/72     AC:  6    Str: 13    XL:     8   Next: 50%
Magic:  0/9        EV: 12    Int: 18    God:    Gozag
Gold:   144        SH:  0    Dex: 14    Spells: 6/9 levels left

rFire   . . .        b - +1 short sword (elec)
rCold   . . .        (no shield)
rNeg    . . .        y - +3 leather armour {Will+}
rPois   .            (no helmet)
rElec   .            (no cloak)
rCorr   .            (no gloves)
SInv    .            (no boots)
Will    +....        G - amulet of guardian spirit
Stlth   +            I - +6 ring of intelligence
HPRegen 0.32/turn    (no ring)
MPRegen 0.11/turn

%: guardian spirit
@: no status effects
A: (nimble swimmer 2), mertail
a: Renounce Religion, Potion Petition, Call Merchant, Bribe Branch


You were on level 4 of the Dungeon.
You worshipped Gozag.
Gozag was aware of your devotion.
You visited 1 branch of the dungeon, and saw 6 of its levels.

You collected 267 gold pieces.
You spent 40 gold pieces at shops.
You paid 83 gold pieces to Gozag.

Inventory:

Hand Weapons
 a - a +1 sling
 b - a +1 short sword of electrocution (weapon)
 n - the +4 dagger "Qusm" {freeze, rC+}
   (You found it on level 3 of the Dungeon)

   rC:        It protects you from cold.
 v - a +0 halberd
Missiles
 w - 6 poisoned darts
Armour
 y - a +3 leather armour of willpower (worn)
Jewellery
 G - an amulet of guardian spirit (around neck)
 I - a +6 ring of intelligence (left hand)
Wands
 m - a wand of digging (6)
 p - a wand of paralysis (8)
Scrolls
 c - 2 scrolls of magic mapping
 g - 2 scrolls of poison
 k - 2 scrolls of summoning
 l - a scroll of vulnerability
 o - 2 scrolls of teleportation
 q - a scroll of fog
 r - a scroll of enchant armour
 s - a scroll of fear
 u - a scroll of blinking
 x - a scroll of identify
Potions
 e - a potion of ambrosia {unknown}
 f - a potion of cancellation {unknown}
 h - 2 potions of lignification {unknown}
 i - 4 potions of curing
 j - a potion of heal wounds {unknown}
 t - a potion of flight {unknown}


   Skills:
 - Level 10.0 Fighting
 - Level 2.0 Short Blades
 + Level 1.6 Polearms
 - Level 2.0 Ranged Weapons
 - Level 2.0 Armour
 - Level 2.6 Dodging
 - Level 1.0 Spellcasting
 - Level 3.0 Hexes


You had 6 spell levels left.
You knew the following spells:

 Your Spells              Type           Power      Damage    Failure   Level
s - Slow                  Hex            44%        N/A       8%          1
w - Wereblood             Tmut           0%         N/A       36%         2

Your spell library contained the following spells:

 Spells                   Type           Power      Damage    Failure   Level
 Cigotuvi's Dreadful Rot  Necr/Pois/Air  0%         N/A       36%         2
 Static Discharge         Conj/Air       0%         2-2/arc   36%         2
 Sublimation of Blood     Necr           0%         N/A       36%         2
 Inner Flame              Hex/Fire       6%         N/A       38%         3
 Portal Projectile        Hex/Tloc       12%        N/A       38%         3
 Summon Guardian Golem    Hex/Summ       6%         N/A       38%         3
 Ignite Poison            Fire/Tmut/Pois 0%         N/A       58%         3
 Cause Fear               Hex            5%         N/A       58%         4
 Airstrike                Air            0%         2d(0-16)  94%         4
 Summon Lightning Spire   Summ/Air       0%         N/A       94%         4
 Freezing Cloud           Conj/Ice/Air   0%         6-21      100%        5
 Iskenderun's Battlesphe  Conj           0%         2d6       100%        5
 Iron Shot                Conj/Erth      0%         9d1       100%        6
 Orb of Destruction       Conj           0%         9d5       100%        7
 Spellforged Servitor     Conj/Summ      0%         N/A       100%        7
 Summon Hydra             Summ           0%         N/A       100%        7


Dungeon Overview and Level Annotations

Branches:
Dungeon (6/15)
 Temple: D:4-7

Altars:
Ashenzari
Gozag
Kikubaaqudgha
Nemelex Xobeh
Qazlal
Zin

Shops:
D:2 *   D:3 *


Innate Abilities, Weirdness & Mutations

((You are very nimble when in or above water. (Stealth+, EV+, Speed+++)))
Your lower body shifts to a powerful aquatic tail in water.


Message History

The gnoll sergeant is lightly wounded.
The helpless gnoll sergeant fails to defend itself.
You hit the gnoll sergeant but do no damage.
Lightning courses through the gnoll sergeant!
The gnoll sergeant is severely wounded.
The helpless gnoll sergeant fails to defend itself.
You hit the gnoll sergeant but do no damage.
The gnoll sergeant is severely wounded.
The gnoll sergeant is no longer paralysed.
The gnoll sergeant hits you with a +0 spear!
* * * LOW HITPOINT WARNING * * *
You hit the gnoll sergeant but do no damage.
The gnoll sergeant blocks your attack.
The gnoll sergeant is severely wounded.
The gnoll sergeant hits you with a +0 spear.
* * * LOW HITPOINT WARNING * * *
You closely miss the gnoll sergeant.
The gnoll sergeant is severely wounded.
The gnoll sergeant misses you.
You closely miss the gnoll sergeant.
The gnoll sergeant is severely wounded.
You hit the gnoll sergeant but do no damage.
The gnoll sergeant is severely wounded.
The gnoll sergeant hits you with a +0 spear!
* * * LOW HITPOINT WARNING * * *
The gnoll sergeant blocks your attack.
The gnoll sergeant is severely wounded.
The gnoll sergeant hits you with a +0 spear.
* * * LOW HITPOINT WARNING * * *
You hit the gnoll sergeant but do no damage.
The gnoll sergeant is severely wounded.
The gnoll sergeant closely misses you. The gnoll sergeant blocks your attack.
The gnoll sergeant is severely wounded.
The gnoll sergeant closely misses you.
You hit the gnoll sergeant.
The gnoll sergeant is severely wounded.
The gnoll sergeant hits you with a +0 spear!
You die...
Your body crumbles into a pile of gold.

#.##...............# #<#
#.#..######.######## #.#
#......## #.# ##.##
#.#..#..###.# ####...##
#..#..#..##.# #........
#...#....##.# #........
#.#..#...##.# #........
#..#..#..##g# #........
#...#....#@(# #....>...
#.#..#...#.## #......))
#..#..#..#.# #......).
#...#....#.########.#####.#
#.#..#...#...>......# #.#
##..#..#..############ #.#
#....#..†.# #.# #..#..#.#.#
###########.. #.......#.#
#.........###


You could see a gnoll sergeant.

Vanquished Creatures
  Eustachio (D:5)
  Menkaure (D:4)
  2 ice beasts
  3 ogres
  A black bear (D:4)
  A vampire bat (D:5)
  A hound (D:4)
  A gnoll bouda (D:4)
  An orc priest (D:4)
  2 iguanas
  6 gnolls
  9 adders
  5 worms
  3 dart slugs
  12 orcs
  9 ball pythons
  2 bat skeletons (D:5)
  3 bat zombies (D:5)
  8 endoplasms
  7 giant cockroaches
  14 goblins
  3 hobgoblins (D:1)
  7 jackals
  6 kobolds
  3 quokkas
  3 bats
  4 frilled lizards (D:1)
  6 rats
124 creatures vanquished.

Vanquished Creatures (others)
  A fungus (D:1)
  8 plants (D:5)
9 creatures vanquished.

Grand Total: 133 creatures vanquished

Notes
Turn   | Place    | Note
-------+----------+-------------------------------------------
     0 | D:1      | Armakuni the Merfolk Hexslinger began the quest for the
                  | Orb.
     0 | D:1      | Reached XP level 1. HP: 15/15 MP: 2/2
   153 | D:1      | Reached skill level 2 in Fighting
   185 | D:1      | Reached XP level 2. HP: 22/22 MP: 3/3
   309 | D:1      | Reached skill level 3 in Fighting
   341 | D:1      | Reached XP level 3. HP: 29/29 MP: 4/4
   979 | D:2      | Reached skill level 4 in Fighting
  1124 | D:2      | Reached XP level 4. HP: 37/37 MP: 5/5
  1269 | D:2      | Found Cubeun's Assorted Antiques.
  1279 | D:2      | Bought an orange potion for 20 gold pieces
  1279 | D:2      | Bought an orange potion for 20 gold pieces
  1566 | D:3      | Found Feuguituaj's General Store.
  1719 | D:3      | Reached skill level 5 in Fighting
  1730 | D:3      | Reached XP level 5. HP: 40/44 MP: 6/6
  1741 | D:3      | Identified the +4 dagger "Qusm" {freeze, rC+}
  1814 | D:3      | Reached skill level 1 in Armour
  1868 | D:3      | Found a broken altar of Ashenzari.
  1956 | D:3      | Found a faded altar of an unknown god.
  2025 | D:3      | Found a glowing silver altar of Zin.
  2220 | D:4      | Reached skill level 1 in Short Blades
  2350 | D:4      | Noticed an ogre
  2355 | D:4      | Killed an ogre
  2356 | D:4      | Reached XP level 6. HP: 51/51 MP: 7/7
  2365 | D:4      | Found a stormy altar of Qazlal.
  2486 | D:4      | Noticed a black bear
  2505 | D:4      | Killed a black bear
  2506 | D:4      | Reached skill level 6 in Fighting
  2605 | D:4      | Noticed Menkaure
  2617 | D:4      | Killed Menkaure
  2618 | D:4      | Reached XP level 7. HP: 21/59 MP: 2/8
  2800 | D:4      | Reached skill level 7 in Fighting
  2841 | D:4      | Identified the +0 robe of Philately {Rampage Drain rPois
                  | Will+}
  3406 | D:5      | Entered Level 5 of the Dungeon
  3419 | D:4      | Reached skill level 8 in Fighting
  3545 | D:5      | Learned a level 2 spell: Wereblood
  3571 | D:5      | Reached XP level 8. HP: 69/69 MP: 9/9
  3582 | D:5      | Noticed Eustachio
  3676 | D:5      | Killed Eustachio
  3677 | D:5      | Reached skill level 9 in Fighting
  3772 | D:5      | Found a sparkling altar of Nemelex Xobeh.
  3773 | D:5      | Found an opulent altar of Gozag.
  3902 | D:5      | Found an ancient bone altar of Kikubaaqudgha.
  3978 | D:5      | Became a worshipper of Gozag Ym Sagoz the Greedy
  4028 | D:5      | Reached skill level 10 in Fighting
  4028 | D:5      | Reached skill level 1 in Polearms
  4146 | D:4      | HP: 3/72 [gnoll sergeant/+0 spear (7)]
  4147 | D:4      | HP: 1/72 [gnoll sergeant/+0 spear (2)]
  4150 | D:4      | Mangled by a gnoll sergeant

Illustrated notes

Levels and vault maps discovered:
D:1:      dpeg_cavernosity, layout_basic
D:2:      layout_rooms, serial_shops, nicolae_shop_behind_doors, kennysheep_nub
D:3:      layout_rooms, lemuel_round_altar, evilmike_ruin_ashenzari,
          dreamdust_ecumenical_altar_grove, serial_shops,
          nicolae_shop_advertising_works [nicolae_subvault_shop_adworks],
          minmay_quantized
D:4:      layout_loops_ring, grunt_qazlal_clouds, grunt_ministairs_5,
          hangedman_decor_riveting, minmay_misc_feat_diagonals, uniq_menkaure
D:5:      layout_cave_pools, grunt_temple_overflow_opulence,
          nzn_overflow_gifts_of_might_and_magic, kennysheep_vampire_church,
          portal_sewer_entry_c, serial_bayou_lagoon_a, uniq_eustachio
D:6:      layout_loops_ring, nicolae_dithmenos_shadow_blocks,
          minmay_temple_entry_water_ring

Skill      XL: |  1  2  3  4  5  6  7  8 |
---------------+-------------------------+-----
Fighting       | 2 3 4 5 6 8 10 | 10.0
Armour         | 2 |  2.0
Short Blades   | 2 |  2.0
Ranged Weapons | 2 |  2.0
Polearms       | 1 |  1.6
Dodging        | |  2.6
Spellcasting   | |  1.0
Hexes          | |  3.0

Action                     |  1- 3 |  4- 6 |  7- 9 || total
---------------------------+-------+-------+-------++-------
  Melee: Short sword       |       |     4 |   129 ||   133
         Tailslap          |       |       |     2 ||     2
         Punch             |       |       |     2 ||     2
   Fire: Sling             |   126 |   195 |    24 ||   345
   Cast: Slow              |     3 |     1 |     2 ||     6
  Evoke: Wand              |       |    11 |     6 ||    17
    Use: Scroll            |     5 |     3 |     4 ||    12
         Potion            |       |       |     1 ||     1
   Stab: Paralysed         |       |       |     9 ||     9
         Sleeping          |       |       |     1 ||     1
 Armour: Robe              |     8 |       |       ||     8
         Ring mail         |     2 |    56 |    13 ||    71
         Leather armour    |       |       |    17 ||    17
  Dodge: Dodged            |    35 |   100 |    77 ||   212
